 Dungeon Crawl Stone Soup version 0.29.0-13-gc9e81de378 (webtiles) character file.

Game seed: 942530397467694174

20516 gelatine the Protected (level 12, -8/106 HPs)
             Began as a Minotaur Fighter on Sept 7, 2022.
             Mangled by a dire elephant (19 damage)
             ... on level 1 of the Lair of Beasts.
             The game lasted 00:43:37 (12519 turns).

gelatine the Protected (Minotaur Fighter)          Turns: 12519, Time: 00:43:37

Health: -8/106     AC: 25    Str: 28    XL:     12   Next: 46%
Magic:  17/17      EV:  6    Int:  5    God:
Gold:   602        SH:  5    Dex:  6    Spells: 15/19 levels left

rFire   . . .      SeeInvis .   S - +5 war axe (vorpal)
rCold   + + +      Faith    .   c - +0 buckler
rNeg    . . .      Spirit   .   m - +0 crystal plate armour {rC+}
rPois   .          Reflect  .   (helmet restricted)
rElec   +          Harm     .   U - +0 cloak {rC+}
rCorr   .          Rampage  .   (no gloves)
Will    .....                   T - +2 pair of boots
Stlth   ..........              M - amulet of regeneration
HPRegen 1.07/turn               n - ring of protection from cold
MPRegen 0.15/turn               x - ring of Fiemmen {Wiz rElec Str+3 Dex-5 Slay+2}

@: about to teleport
A: horns 2, retaliatory headbutt, talons 1, electricity resistance, subdued
magic 2
a: no special abilities


You were on level 1 of the Lair of Beasts.
You visited 3 branches of the dungeon, and saw 14 of its levels.
You also visited: Bailey and Ice Cave.

You collected 706 gold pieces.
You spent 104 gold pieces at shops.

Inventory:

Hand Weapons
 b - a +1 vorpal broad axe
 f - a +3 battleaxe of electrocution
 k - the +8 hammer "Oteuxuif" {flame, Dex+5}
   (You found it on level 3 of the Dungeon)

   It burns those it strikes, dealing additional fire damage.
   Dex:       It affects your dexterity (+5).
 H - a +0 arbalest
 N - a +2 lajatang of freezing
 S - a +5 vorpal war axe (weapon)
Armour
 c - a +0 buckler (worn)
 m - a +0 crystal plate armour of cold resistance (worn)
 u - a +3 leather armour of resistance
 z - a +3 leather armour of willpower
 I - the +2 plate armour of Gozag's Outrage {Regen+ Int+4}
   (You found it on level 6 of the Dungeon)

   Int:       It affects your intelligence (+4).
   Regen:     It increases your rate of health regeneration.
 J - the +2 robe of Forking Paths {rN+}
   (You found it on level 6 of the Dungeon)

   rN:        It protects you from negative energy.
 T - a +2 pair of boots (worn)
 U - a +0 cloak of cold resistance (worn)
Jewellery
 n - a ring of protection from cold (left hand)
 v - a +6 ring of dexterity
 x - the ring of Fiemmen (right hand) {Wiz rElec Str+3 Dex-5 Slay+2}
   (You found it on level 3 of the Dungeon)

   [ring of wizardry]

   It improves your spell success rate.
   Str:       It affects your strength (+3).
   Dex:       It affects your dexterity (-5).
   Slay:      It affects your accuracy & damage with ranged weapons and melee
   (+2).
   rElec:     It insulates you from electricity.
 B - a ring of willpower
 G - a ring of wizardry
 K - an amulet of reflection
 M - an amulet of regeneration (around neck)
 O - the amulet of Elemental Vulnerability {rPois rF-- rC-- AC+8}
   (You found it on level 8 of the Dungeon)

   [amulet of nothing]

   AC:        It affects your AC (+8).
   rF:        It makes you very vulnerable to fire.
   rC:        It makes you very vulnerable to cold.
   rPois:     It protects you from poison.
Wands
 d - a wand of digging (7)
 D - a wand of roots (13)
 L - a wand of flame (27)
 P - a wand of charming (9)
Scrolls
 g - 2 scrolls of fog
 h - 3 scrolls of immolation
 j - 3 scrolls of amnesia
 l - 2 scrolls of enchant armour
 r - 4 scrolls of teleportation
 s - 2 scrolls of poison
 A - a scroll of torment
 C - a scroll of vulnerability
 R - a scroll of acquirement
Potions
 a - a potion of attraction {unknown}
 e - a potion of mutation
 i - 4 potions of flight
 o - 2 potions of haste
 p - a potion of curing
 q - 2 potions of cancellation {unknown}
 t - 2 potions of lignification
 w - 2 potions of invisibility {unknown}
 E - 5 potions of brilliance {unknown}
 F - 3 potions of magic {unknown}
 Q - a potion of ambrosia {unknown}


   Skills:
 * Level 10.1 Fighting
 + Level 9.0(10.5) Axes
 + Level 8.6(10.3) Maces & Flails
 + Level 3.2 Throwing
 * Level 10.4 Armour
 * Level 8.0 Dodging
 + Level 1.7 Stealth
 * Level 10.3 Shields
 * Level 4.0 Spellcasting
 * Level 4.4 Poison Magic
 + Level 1.7 Evocations


You had 15 spell levels left.
You knew the following spells:

 Your Spells              Type           Power      Damage    Failure   Level
a - Olgreb's Toxic Radia  Pois           3%         N/A       99%         4

Your spell library contained the following spells:

 Spells                   Type           Power      Damage    Failure   Level
 Sting                    Tmut/Pois      8%         1d3       85%         1
 Poisonous Vapours        Pois/Air       4%         N/A       93%         2
 Ensorcelled Hibernation  Hex/Ice        0%         N/A       99%         2
 Passwall                 Tmut/Erth      0%         N/A       99%         2
 Static Discharge         Conj/Air       0%         3-3/arc   99%         2
 Dazzling Flash           Conj/Hex       0%         N/A       100%        3
 Ozocubu's Armour         Ice            0%         N/A       100%        3
 Swiftness                Air            0%         N/A       100%        3
 Airstrike                Air            0%         2d(0-16)  100%        4
 Iskenderun's Mystic Bla  Conj/Tloc      0%         2d3       100%        4
 Summon Lightning Spire   Summ/Air       0%         N/A       100%        4
 Freezing Cloud           Conj/Ice/Air   0%         6-21      100%        5
 Lightning Bolt           Conj/Air       0%         1d11      100%        5
 Starburst                Conj/Fire      0%         6d3       100%        6
 Maxwell's Capacitive Co  Air            0%         ∞         100%        8
 Polar Vortex             Ice            0%         N/A       100%        9


Dungeon Overview and Level Annotations

Branches:
Dungeon (10/15)            Temple (1/1) D:5            Lair (3/5) D:9
 Shoals (0/4) Lair:2       Bailey (visited)           IceCv (visited)
  Snake: Lair:2-3    Spider: Lair:2-3       Orc: D:9-12

Altars:
Ashenzari
Cheibriados
Dithmenos
Elyvilon
Fedhas
Gozag
Hepliaklqana
Kikubaaqudgha
Makhleb
Nemelex Xobeh
Okawaru
Qazlal
Ru
Sif Muna
Trog
Uskayaw
Vehumet
Wu Jian
Xom
Yredelemnul
Zin
The Shining One

Shops:
D:6 (   D:9 *

Annotations:
Lair:2 exclusion: 2 oklob plants


Innate Abilities, Weirdness & Mutations

You have a pair of horns on your head.
You reflexively headbutt those who attack you in melee.
You have sharp toenails.
You are resistant to electric shocks. (rElec)
Your spells are easier to cast, but less powerful.


Message History

You block the dire elephant's attack.
You hit the dire elephant but do no damage.
The dire elephant is heavily wounded.
The dire elephant tramples you!
You stumble backwards!
You slice the dire elephant!! You headbutt the dire elephant.
The dire elephant is severely wounded.
The dire elephant tramples you!!
You stumble backwards!
You hit the dire elephant but do no damage.
The dire elephant is severely wounded.
The dire elephant completely misses you.
The dire elephant closely misses you.
Unknown command.
You hit the dire elephant.
The dire elephant is severely wounded.
The dire elephant tramples you!!
* * * LOW HITPOINT WARNING * * *
You stumble backwards!
Aiming: Charm
Press: ? - help, Q - select action, (/) - cycle Shift-Dir - straight line, f - dire elephant
Aim: a dire elephant (severely wounded, chance to affect: 3%)
Okay, then.
Read: scroll of fear
Press: ? - help, Q - select action, (/) - cycle Dir - look around, f - activate Look: a dire elephant (severely wounded, chance to affect: 47%)
Okay, then.
Read: scroll of fear
Press: ? - help, Q - select action, (/) - cycle Dir - look around, f - activate Look: a dire elephant (severely wounded, chance to affect: 47%)
As you read the scroll of fear, it crumbles to dust.
You assume a fearsome visage.
The dire elephant resists with almost no effort.
The dire elephant tramples you but does no damage.
The dire elephant trunk-slaps you but does no damage.
As you read the scroll of teleportation, it crumbles to dust.
You feel strangely unstable. The dire elephant tramples you.
* * * LOW HITPOINT WARNING * * *
You stumble backwards!
The dire elephant attacks as you move away!
The dire elephant tramples you!!
You die...

#..P≈≈♣≈≈≈.... #P..~...!.....
#.......# ##...#### #...#
#..###### ###.#.>..## #.#Y......#
#..@..8....## ##.....###...###
### ##...#### #....# . ~P#######
#...###.### #...## ...
P~......####....#....###....##...
~....#...........................
~.....#..#8.....8..>..8.....8#...
PP...P##.'.......................
P....######....##....#.#.........


You could see a dire elephant.

Vanquished Creatures
  A two-headed ogre (D:10)
  Urug (D:10)
  2 bog bodies (IceCv)
  Pikel (D:6)
  A manticore (Lair:2)
  An ice statue (IceCv)
  7 cane toads
  A freezing wraith (IceCv)
  A rime drake (Lair:2)
  An ice devil (IceCv)
  A polar bear (Lair:2)
  3 hornets
  Prince Ribbit (D:6)
  9 blink frogs
  4 wyverns
  34 yaks
  3 death yak simulacra (IceCv)
  A harpy simulacrum (IceCv)
  A hydra simulacrum (IceCv)
  4 water moccasins
  11 orc warriors
  Duvessa (D:6)
  4 black bears
  An ice beast (D:8)
  An ogre (D:5)
  4 wolves (Lair:2)
  2 centaurs
  A phantom (D:6)
  5 bullfrogs
  A scorpion (D:7)
  A necrophage (D:6)
  A cane toad simulacrum (IceCv)
  6 two-headed ogre simulacra (IceCv)
  Dowan (D:6)
  4 elephant simulacra (IceCv)
  6 howler monkeys
  3 hounds
  3 jellies
  5 orc priests
  Crazy Yiuf (D:3)
  4 iguanas
  9 orc wizards
  6 spriggan simulacra (IceCv)
  2 polar bear simulacra (IceCv)
  2 troll simulacra (IceCv)
  4 wolf simulacra (IceCv)
  Robin (D:3)
  6 adders
  7 gnolls (D:4)
  6 naga simulacra (IceCv)
  2 shadow imps (D:7)
  18 white imps
  7 ufetubi
  5 dart slugs
  31 orcs
  6 endoplasms
  4 giant cockroaches
  12 goblins
  8 hobgoblins
  A quokka (D:2)
  2 training dummies (D:5)
  5 ball pythons
  6 bats
  5 frilled lizards
  6 kobolds
  4 rats
309 creatures vanquished.

Vanquished Creatures (collateral kills)
  An orc knight (Bailey)
  A wind drake (Lair:2)
  An orc wizard (D:4)
3 creatures vanquished.

Vanquished Creatures (others)
  A demonic plant (D:2)
  10 fungi
  46 plants
  A withered plant (D:2)
58 creatures vanquished.

Grand Total: 370 creatures vanquished

Notes
Turn   | Place    | Note
-------+----------+-------------------------------------------
     0 | D:1      | gelatine the Minotaur Fighter began the quest for the Orb.
     0 | D:1      | Reached XP level 1. HP: 19/19 MP: 0/0
   116 | D:1      | Reached XP level 2. HP: 26/27 MP: 1/1
   749 | D:2      | Found a faded altar of an unknown god.
   780 | D:2      | Reached XP level 3. HP: 31/32 MP: 2/2
  1899 | D:3      | Found a runed translucent door.
  1900 | D:3      | Noticed Crazy Yiuf
  1905 | D:3      | Killed Crazy Yiuf
  1906 | D:3      | Reached XP level 4. HP: 37/40 MP: 3/3
  1907 | D:3      | Identified the +8 hammer "Oteuxuif" {flame, Dex+5}
  1984 | D:3      | Identified the ring of Fiemmen {Wiz rElec Str+3 Dex-5
                  | Slay+2}
  2130 | D:3      | Reached skill level 1 in Dodging
  2137 | D:3      | Reached XP level 5. HP: 36/47 MP: 4/4
  2292 | D:3      | Found a shadowy altar of Dithmenos.
  2292 | D:3      | Found a hide-covered altar of Uskayaw.
  2328 | D:3      | Noticed Robin
  2353 | D:3      | Killed Robin
  2994 | D:4      | Reached XP level 6. HP: 11/53 MP: 5/5
  2996 | D:4      | Found a radiant altar of Vehumet.
  3266 | D:4      | Found a broken altar of Ashenzari.
  3267 | D:4      | Found a bloodstained altar of Trog.
  3267 | D:4      | Found a shimmering blue altar of Sif Muna.
  3281 | D:4      | Reached skill level 1 in Maces & Flails
  3281 | D:4      | Reached skill level 5 in Armour
  3308 | D:4      | Reached skill level 5 in Shields
  3665 | D:4      | Found a glowing golden altar of the Shining One.
  3673 | D:4      | Found an ornate altar of the Wu Jian Council.
  3675 | D:4      | Found a snail-covered altar of Cheibriados.
  3677 | D:4      | Found a sacrificial altar of Ru.
  3748 | D:4      | Reached skill level 5 in Fighting
  3783 | D:4      | Reached skill level 5 in Axes
  4060 | D:5      | Entered Level 5 of the Dungeon
  4223 | D:5      | Reached XP level 7. HP: 58/61 MP: 6/6
  4663 | D:5      | Found a staircase to the Ecumenical Temple.
  4669 | Temple   | Entered the Ecumenical Temple
  4915 | D:6      | Noticed a hornet
  4919 | D:6      | Killed a hornet
  5141 | D:6      | Found Kajaw's Antique Weapon Emporium.
  5165 | D:6      | Noticed Pikel
  5165 | D:6      | Noticed Prince Ribbit
  5174 | D:6      | Killed Pikel
  5175 | D:6      | Reached skill level 1 in Stealth
  5175 | D:6      | Reached XP level 8. HP: 65/70 MP: 7/7
  5180 | D:6      | Killed Prince Ribbit
  5181 | D:6      | Reached skill level 5 in Maces & Flails
  5458 | D:6      | Noticed Duvessa
  5459 | D:6      | Noticed Dowan
  5464 | D:6      | Killed Duvessa
  5474 | D:6      | Killed Dowan
  5768 | D:6      | Learned a level 4 spell: Olgreb's Toxic Radiance
  5785 | D:6      | Reached XP level 9. HP: 78/78 MP: 8/8
  5871 | D:6      | Reached skill level 1 in Throwing
  5885 | D:6      | Identified the +2 plate armour of Gozag's Outrage {Regen+
                  | Int+4}
  5978 | D:6      | Identified the +2 robe of Forking Paths {rN+}
  6333 | D:7      | Found a white marble altar of Elyvilon.
  6464 | D:7      | Reached skill level 1 in Evocations
  7057 | D:8      | Reached skill level 1 in Spellcasting
  7058 | D:8      | Reached skill level 1 in Poison Magic
  7263 | D:8      | Reached skill level 5 in Dodging
  7366 | D:8      | Found the amulet of Elemental Vulnerability {rPois rF--
                  | rC-- AC+8}
  7392 | D:8      | Identified the +0 plate armour of Wrong Decisions {rN++
                  | Slay-2}
  7562 | D:8      | Reached XP level 10. HP: 29/86 MP: 12/12
  7637 | D:8      | Found a shimmering altar of Xom.
  7853 | D:9      | Found an opulent altar of Gozag.
  7963 | D:9      | Found a flagged portal.
  7992 | Bailey   | Entered a bailey
  8310 | Bailey   | Noticed an orc knight
  8373 | Bailey   | Killed an orc knight
  8587 | D:9      | Found Qifoky's Assorted Antiques.
  8592 | D:9      | Bought a black potion for 26 gold pieces
  8592 | D:9      | Bought a murky orange potion for 26 gold pieces
  8592 | D:9      | Bought 2 emerald potions for 52 gold pieces
  8619 | D:9      | Found a staircase to the Lair.
  9197 | D:10     | Entered Level 10 of the Dungeon
  9198 | D:10     | Noticed Urug
  9206 | D:10     | Noticed a two-headed ogre
  9211 | D:10     | Killed Urug
  9216 | D:10     | Killed a two-headed ogre
  9566 | Lair:1   | Entered Level 1 of the Lair of Beasts
  9648 | Lair:1   | Noticed a cane toad
  9658 | Lair:1   | Killed a cane toad
  9669 | Lair:1   | Reached XP level 11. HP: 43/94 MP: 6/14
  9916 | Lair:1   | Gained mutation: You are resistant to electric shocks.
                  | (rElec) [potion of mutation]
  9916 | Lair:1   | Gained mutation: You are strong-willed. (Will+) [potion of
                  | mutation]
  9916 | Lair:1   | Gained mutation: You occasionally lose the ability to drink
                  | potions when taking damage. [potion of mutation]
 10009 | Lair:1   | HP: 4/94 [poisoned by a cane toad]
 10301 | Lair:1   | Lost mutation: You occasionally lose the ability to drink
                  | potions when taking damage. [potion of mutation]
 10301 | Lair:1   | Lost mutation: You are strong-willed. (Will+) [potion of
                  | mutation]
 10301 | Lair:1   | Gained mutation: Your spells are a little easier to cast,
                  | but a little less powerful. [potion of mutation]
 10301 | Lair:1   | Gained mutation: Your spells are easier to cast, but less
                  | powerful. [potion of mutation]
 10301 | Lair:1   | Gained mutation: You have sharp toenails. [potion of
                  | mutation]
 10487 | Lair:1   | Noticed a dire elephant
 10833 | Lair:2   | HP: 1/95 [manticore/volley of spikes (14)]
 10849 | Lair:3   | Noticed a boulder beetle
 10917 | Lair:2   | Found a frozen archway.
 10946 | IceCv    | Entered an ice cave
 11105 | IceCv    | Reached skill level 10 in Armour
 11146 | IceCv    | Noticed a bog body
 11150 | IceCv    | Noticed a bog body
 11159 | IceCv    | Killed a bog body
 11166 | IceCv    | Killed a bog body
 11217 | IceCv    | Got the Encyclopedia of Snow
 11379 | IceCv    | Reached XP level 12. HP: 104/104 MP: 16/16
 11732 | Lair:2   | Found a staircase to the Shoals.
 11746 | Lair:2   | Reached skill level 10 in Shields
 12053 | Lair:2   | Reached skill level 10 in Fighting
 12519 | Lair:1   | Mangled by a dire elephant

Illustrated notes

Levels and vault maps discovered:
D:1:      dreamdust_arrival_beginning_and_end, layout_rooms, serial_glass,
          glass_columns_a, glass_columns_b, nrook_mini_backslash
D:2:      layout_basic, shapermc_ecumenical_altar_gd,
          hangedman_abyss_or_decor_stabs, minmay_pentomino_pile
D:3:      layout_rooms, gammafunk_temple_overflow_elements,
          serial_co_window_serial, co_window_paths_b, co_window_corner_a,
          co_window_of_opportunity_a, co_window_paths_a, co_window_paths_b,
          co_window_unsneaky_path_c, co_window_2corner,
          co_window_of_opportunity_b, co_window_broadway_b, co_window_sun,
          co_window_4corner_b, glass_columns_b, glass_columns_a,
          glass_columns_b, glass_columns_c, kennysheep_generic_room_5,
          uniq_robin, uniq_crazy_yiuf_cottage
D:4:      layout_basic, grunt_temple_overflow_open, serial_curves,
          eino_curves_01, eino_curves_01, st_stairs_1, hex_large
D:5:      dreamdust_elfheim, layout_loops_cross, minmay_temple_entry_fiery
D:6:      layout_basic, serial_shops, shop, nicolae_benzene_ring, uniq_duvessa,
          uniq_pikel, uniq_prince_ribbit1
D:7:      layout_basic, elyvilon_altar_3
D:8:      layout_basic, mainiacjoe_overflow_tiny_flanked
D:9:      layout_roguey, nicolae_gozag_cash_rules_everything_around_me,
          dpeg_oklobed_lair, serial_shops, nicolae_shop_hallway_plus,
          enter_bailey_2
D:10:     layout_small_grid, uniq_grum, uniq_lodul, uniq_urug
Temple:   hellmonk_temple_beads
Lair:1:   layout_long_grid, nicolae_lair_grazing_beasts
          [nicolae_sub_lair_graze_edge, nicolae_sub_lair_graze_edge,
          nicolae_sub_lair_graze_edge, nicolae_sub_lair_graze_edge],
          serial_bayou_shore_b, grunt_megastairs_5
Lair:2:   dpeg_oklob_gauntlet, layout_layer_cave, minmay_shoals_entry_beasts,
          portal_ice_cave_entry_imps
Lair:3:   layout_layer_cave, guppyfry_snake_entry_garden,
          gauntlet_entry_generic, grunt_forest_stairs_clearing,
          infiniplex_staircase_pool_2, grunt_megastairs_3, uniq_kirke

Skill      XL: |  1  2  3  4  5  6  7  8  9 10 11 12 |
---------------+-------------------------------------+-----
Fighting       | 4 5 6 7 8 9 10 | 10.1
Armour         | 4 5 6 7 8 9 10 | 10.4
Shields        | 4 5 6 7 8 9 10 | 10.3
Axes           | 3 4 5 6 7 8 9 |  9.0
Dodging        | 1 2 3 5 6 7 8 |  8.0
Maces & Flails | 2 4 5 6 7 8 |  8.6
Stealth        | 1 |  1.7
Throwing       | 2 3 |  3.2
Evocations     | 1 |  1.7
Spellcasting   | 2 3 4 |  4.0
Poison Magic   | 1 2 4 |  4.4

Action                   |  1- 3 |  4- 6 |  7- 9 | 10-12 || total
-------------------------+-------+-------+-------+-------++-------
Melee: War axe           |    95 |       |       |   211 ||   306
       Headbutt          |    11 |     9 |    25 |    86 ||   131
       Mace              |       |    75 |   134 |   195 ||   404
Throw: Boomerang         |       |     3 |    23 |       ||    26
       Dart              |       |       |    14 |     7 ||    21
       Throwing net      |       |       |     2 |     1 ||     3
       Javelin           |       |       |       |    11 ||    11
 Cast: Olgreb's Toxic Ra |       |       |       |     3 ||     3
Evoke: Wand              |       |       |       |     5 ||     5
  Use: Scroll            |     3 |     1 |     3 |    17 ||    24
       Potion            |       |     1 |     2 |    10 ||    13
 Stab: Distracted        |       |       |       |     1 ||     1
Armor: Scale mail        |    51 |    55 |     9 |       ||   115
       Plate armour      |       |       |    29 |    60 ||    89
       Leather armour    |       |       |       |    27 ||    27
       Crystal plate arm |       |       |       |    99 ||    99
Dodge: Dodged            |    45 |    36 |    42 |   136 ||   259
Block: Buckler           |    24 |    20 |    52 |   145 ||   241
       Reflection        |       |       |     4 |    16 ||    20
